 Dungeon Crawl Stone Soup version 0.27-a0-287-gd4424db430 (webtiles) character file.

Game seed: 10816755728774461557

12096 namelastname112 the Fighter (level 11, -3/142 HPs)
             Began as a Purple Draconian Delver on Feb 8, 2021.
             Was a Priest of Dithmenos.
             Slain by Jorgrun
             ... wielding a +0 vorpal quarterstaff
              (13 damage)
             ... on level 12 of the Dungeon.
             The game lasted 00:25:21 (14641 turns).

namelastname112 the Fighter (DrDe)                 Turns: 14641, Time: 00:25:22

Health: -3/142     AC: 11    Str: 15    XL:     11   Next: 57%
Magic:  17/23      EV: 13    Int: 17    God:    Dithmenos [***...]
Gold:   400        SH:  0    Dex: 15    Spells: 16/27 levels left

rFire    . . .     SeeInvis .   d - +3 dagger (venom)
rCold    . . .     Faith    .   (no shield)
rNeg     . . .     Spirit   .   (armour unavailable)
rPois    +         Reflect  .   (helmet restricted)
rElec    .         Harm     .   G - +1 cloak
rCorr    .         Rampage  .   n - +0 pair of gloves
Will     +....                  M - +0 pair of boots
Stlth    ..........             K - amulet of regeneration
HPRegen  0.73/turn              v - ring of poison resistance
MPRegen  0.18/turn              E - +6 ring of intelligence

@: berserking, confusing touch, grasped by roots, very slightly contaminated,
wreathed by umbra, constricted, invisible, very quick
A: breathe power, unfitting armour, cold-blooded, AC +7
a: Breathe Dispelling Energy, Renounce Religion, Shadow Step


You were on level 12 of the Dungeon.
You worshipped Dithmenos.
Dithmenos was most pleased with you.
You visited 2 branches of the dungeon, and saw 13 of its levels.

You collected 733 gold pieces.
You spent 333 gold pieces at shops.

Inventory:

Hand Weapons
 d - a +3 dagger of venom (weapon)
 x - a +2 scimitar of holy wrath
 P - a +1 scimitar of flaming
Missiles
 q - 5 curare-tipped darts
 z - 8 javelins (quivered)
 Q - 3 throwing nets
Armour
 n - a +0 pair of gloves (worn)
 G - a +1 cloak (worn)
 M - a +0 pair of boots (worn)
 O - a +0 buckler
Magical Staves
 y - an uncursed staff of fire
Jewellery
 g - an uncursed ring of protection from cold
 o - an uncursed ring of resist corrosion
 v - a ring of poison resistance (left hand)
 E - a +6 ring of intelligence (right hand)
 K - an amulet of regeneration (around neck)
 N - the ring "Titt" {rN+ Str+3 Int+3}
   (You found it on level 7 of the Dungeon)

   [ring of positive energy]

   It affects your strength (+3).
   It affects your intelligence (+3).
   It protects you from negative energy.
 R - an uncursed amulet of reflection {unknown}
Wands
 f - a wand of digging (8)
 s - a wand of polymorph (13)
 I - a wand of acid (10)
Scrolls
 b - 2 scrolls of fog
 c - 2 scrolls of magic mapping
 j - 6 scrolls of remove curse
 m - 6 scrolls of teleportation
 w - 6 scrolls of identify
 A - 2 scrolls of enchant weapon
 F - 2 scrolls of enchant armour
 H - 3 scrolls of fear
Potions
 a - a potion of resistance
 e - 3 potions of haste
 h - 3 potions of flight
 i - 2 potions of magic
 k - 2 potions of berserk rage
 l - 2 potions of mutation
 p - 2 potions of heal wounds
 r - a potion of cancellation
 t - a potion of lignification
 u - 3 potions of brilliance
 B - 3 potions of attraction
 C - a potion of invisibility
 D - a potion of ambrosia
 J - 4 potions of curing
 L - a potion of might


   Skills:
 + Level 8.7 Fighting
 + Level 5.9(7.4) Short Blades
 - Level 6.8(7.9) Long Blades
 - Level 2.0 Throwing
 + Level 6.9 Dodging
 + Level 8.4 Stealth
 + Level 8.5 Spellcasting
 * Level 7.4 Hexes


You had 16 spell levels left.
You knew the following spells:

 Your Spells              Type           Power        Failure   Level
b - Dazzling Flash        Conj/Hex       38%          6%          3
c - Confusing Touch       Hex            32%          1%          3
d - Tukima's Dance        Hex            32%          1%          3
z - Ensorcelled Hibernat  Hex/Ice        38%          3%          2

Your spell library contained the following spells:

 Spells                   Type           Power        Failure   Level
 Corona                   Hex            35%          1%          1
 Beastly Appendage        Tmut           14%          10%         1
 Sting                    Tmut/Pois      28%          10%         1
 Poisonous Vapours        Pois/Air       14%          16%         2
 Wereblood                Tmut           7%           16%         2
 Ignite Poison            Fire/Tmut/Pois 7%           30%         3
 Mephitic Cloud           Conj/Pois/Air  7%           30%         3
 Spider Form              Tmut/Pois      3%           30%         3
 Silence                  Hex/Air        9%           52%         5
 Ice Form                 Ice/Tmut       7%           69%         4
 Olgreb's Toxic Radiance  Pois           7%           69%         4
 Summon Lightning Spire   Summ/Air       7%           69%         4
 Blade Hands              Tmut           3%           95%         5
 Bolt of Magma            Conj/Fire/Erth 3%           95%         5
 Iskenderun's Battlesphe  Conj           7%           95%         5
 Conjure Ball Lightning   Conj/Air       3%           100%        6
 Iron Shot                Conj/Erth      3%           100%        6
 Orb of Destruction       Conj           3%           100%        7
 Spellforged Servitor     Conj/Summ      3%           100%        7
 Tornado                  Air            3%           100%        9


Dungeon Overview and Level Annotations

Branches:
Dungeon (12/15)            Temple (0/1) D:6            Lair (0/6) D:11
    Orc (1/2) D:10

Altars:
Cheibriados
Dithmenos
Fedhas
Hepliaklqana
Kikubaaqudgha
Makhleb
Sif Muna
Trog
Wu Jian
Zin

Shops:
D:4 [   D:5 :   D:10 :   D:11 *

Annotations:
D:12 Jorgrun


Innate Abilities, Weirdness & Mutations

You can breathe bolts of dispelling energy.
Your rich purple scales are hard. (AC +7)
You cannot fit into any form of body armour.
You are cold-blooded and may be slowed by cold attacks.


Message History

The grasping roots constrict you!
You take 7 damage, and have 24/142 hp!
You skewer Jorgrun but do no damage!
Your tail-slap misses Jorgrun!
Jorgrun is severely wounded!
You stick Jorgrun but do no damage!
Jorgrun is severely wounded!
You spit Jorgrun but do no damage!
Your tail-slap misses Jorgrun!
Jorgrun is almost dead!
Jorgrun closely misses you! * * * don't die
* * * The grasping roots constrict you!!!
You take 15 damage, and have 10/142 hp!
You strike the helpless Jorgrun from behind!!!
You stick Jorgrun but do no damage!
Your tail-slap misses Jorgrun!
Jorgrun is almost dead!
You catch the helpless Jorgrun completely off-guard!!!
You stick Jorgrun but do no damage!
Jorgrun is almost dead!
Jorgrun hits you but does no damage! rip

##...)............
#..................
#....#.....###.....#
#..#.....$.###......
#..##...............
#.##..............##
#.
................#..
...................
..........g@.......
......#.#.#.#.#.#.
................
.....#.#.#.#.#.
..... ..... ..# #.
.# #.# ... .. .. >..
.. #. .# #.


You could see Jorgrun (extremely poisoned).

Vanquished Creatures
  A boulder beetle (D:11)
  A manticore (D:12)
  A moth of wrath (D:2)
  An efreet (D:11)
  3 trolls (D:10)
  A wraith (D:12)
  9 yaks
  A wyvern (D:7)
  Menkaure (D:5)
  A soldier ant (D:11)
  An acid dragon (D:11)
  3 water moccasins
  An ice beast (D:5)
  6 orc warriors
  4 sky beasts
  9 ogres
  7 black bears
  An eye of draining (D:12)
  4 centaurs
  A phantom (D:5)
  Blork the orc (D:5)
  6 kobold brigands
  3 gnoll sergeants (D:10)
  10 bullfrogs
  A water moccasin zombie (D:7)
  2 scorpions (D:6)
  A wyvern skeleton (D:9)
  11 wights
  13 killer bees
  2 centaur zombies
  A bullfrog zombie (D:5)
  3 jellies
  2 hounds
  3 centaur skeletons
  14 orc priests
  An iguana (D:8)
  5 orc wizards
  10 worker ants
  Robin (D:4)
  2 howler monkey zombies
  13 gnolls
  A worker ant zombie (D:5)
  14 adders
  A howler monkey skeleton (D:8)
  2 shadow imps
  5 white imps
  3 ufetubi (D:8)
  An adder skeleton (D:7)
  10 worms
  A dart slug (D:2)
  5 leopard geckos
  55 orcs
  2 ball pythons
  5 bats
  A giant cockroach (D:5)
  16 goblins
  8 hobgoblins
  19 jackals
  3 frilled lizards
  14 kobolds
  4 rats (D:2)
332 creatures vanquished.

Vanquished Creatures (collateral kills)
  An ogre (D:10)
  An orc priest (D:11)
  2 orcs (D:11)
4 creatures vanquished.

Vanquished Creatures (others)
  A dancing weapon (D:10)
  An orc wizard (D:5)
  31 fungi (D:11)
  37 plants (D:11)
70 creatures vanquished.

Grand Total: 406 creatures vanquished

Notes
Turn   | Place    | Note
-------+----------+-------------------------------------------
     0 | D:5      | namelastname112 the Draconian Delver began the quest for
                  | the Orb.
     0 | D:5      | Reached XP level 1. HP: 19/19 MP: 1/1
     5 | D:5      | Noticed Menkaure
    17 | D:4      | Found a blossoming altar of Fedhas.
   170 | D:4      | Reached XP level 2. HP: 23/26 MP: 2/2
   507 | D:4      | Found an ornate altar of the Wu Jian Council.
   847 | D:3      | Reached XP level 3. HP: 33/33 MP: 3/3
  1352 | D:2      | Found a snail-covered altar of Cheibriados.
  1785 | D:1      | Reached XP level 4. HP: 40/40 MP: 4/4
  2141 | D:2      | You fall into a shaft and drop 1 floor!
  2171 | D:2      | Reached skill level 5 in Stealth
  2840 | D:2      | Reached XP level 5. HP: 46/46 MP: 5/5
  3016 | D:2      | Noticed a moth of wrath
  3022 | D:2      | Found a bloodstained altar of Trog.
  3102 | D:2      | Killed a moth of wrath
  3103 | D:2      | Reached skill level 1 in Throwing
  3103 | D:2      | Reached XP level 6. HP: 16/53 MP: 6/6
  3513 | D:3      | Your scales start taking on a rich purple colour.
  3513 | D:3      | Reached XP level 7. HP: 60/60 MP: 7/7
  3832 | D:3      | Found a shadowy altar of Dithmenos.
  3952 | D:4      | Reached skill level 5 in Fighting
  4008 | D:4      | Found Sifuhar's Armour Shop.
  4015 | D:4      | Bought a +0 cloak for 58 gold pieces
  4092 | D:4      | Noticed Robin
  4125 | D:4      | Killed Robin
  4581 | D:5      | Found Niafiz's Book Shop.
  4609 | D:5      | Reached skill level 1 in Spellcasting
  4886 | D:6      | Reached skill level 5 in Long Blades
  5303 | D:5      | Reached XP level 8. HP: 66/70 MP: 11/11
  5351 | D:5      | Noticed Blork the orc
  5389 | D:5      | Killed Blork the orc
  5733 | D:5      | Killed Menkaure
  5889 | D:5      | Reached skill level 5 in Dodging
  5950 | D:5      | Found a glowing silver altar of Zin.
  6044 | D:5      | Found a hazy altar of Hepliaklqana.
  6889 | D:6      | Reached XP level 9. HP: 78/78 MP: 15/15
  7435 | D:6      | Reached skill level 5 in Spellcasting
  7593 | D:6      | Found a staircase to the Ecumenical Temple.
  7729 | D:3      | Became a worshipper of Dithmenos the Shadowed
  7866 | D:7      | Found a shimmering blue altar of Sif Muna.
  8231 | D:7      | Reached skill level 1 in Short Blades
  8414 | D:7      | Found an ancient bone altar of Kikubaaqudgha.
  8428 | D:7      | Got a crude copper ring
  8857 | D:5      | Bought a book of Maledictions for 275 gold pieces
  8860 | D:5      | Learned a level 2 spell: Ensorcelled Hibernation
  8864 | D:5      | Learned a level 3 spell: Dazzling Flash
  8868 | D:5      | Learned a level 3 spell: Tukima's Dance
  8872 | D:5      | Learned a level 3 spell: Confusing Touch
  9158 | D:8      | Identified the ring "Titt" {rN+ Str+3 Int+3} (You found it
                  | on level 7 of the Dungeon)
  9195 | D:8      | Reached skill level 1 in Hexes
  9877 | D:9      | Reached XP level 10. HP: 77/88 MP: 2/19
 10166 | D:9      | Reached * piety under Dithmenos
 11466 | D:10     | Entered Level 10 of the Dungeon
 11466 | D:10     | Found Vuehykic's Book Shoppe.
 11476 | D:10     | Reached ** piety under Dithmenos
 11821 | D:10     | Found a staircase to the Orcish Mines.
 11862 | D:10     | Reached skill level 5 in Hexes
 12154 | D:10     | Reached skill level 5 in Short Blades
 12791 | D:11     | Found Waotosya's Assorted Antiques.
 12828 | D:10     | Reached XP level 11. HP: 50/94 MP: 13/22
 12921 | D:11     | Reached *** piety under Dithmenos
 13139 | Orc:1    | Entered Level 1 of the Orcish Mines
 13139 | Orc:1    | Found a burning altar of Makhleb.
 13360 | D:11     | Found a staircase to the Lair.
 13865 | D:11     | Noticed a boulder beetle
 13878 | D:11     | Killed a boulder beetle
 13982 | D:11     | Found a burning altar of Makhleb.
 14170 | D:11     | Reached **** piety under Dithmenos
 14623 | D:12     | Noticed Jorgrun
 14641 | D:12     | Slain by Jorgrun

Illustrated notes

Levels and vault maps discovered:
D:1:      minmay_arrival_radiant_lines, layout_basic, nrook_campfire,
          minmay_misc_feat_more_columns
D:2:      wander_river, layout_loops_ring, tgw_trog, kennysheep_slug_shrine
D:3:      layout_rooms, lemuel_round_altar
D:4:      layout_loops_ring, lemuel_crystal_altar,
          pdpol_wu_jian_five_deadly_venoms, serial_shops, shop,
          hangedman_decor_growths, uniq_robin
D:5:      layout_basic, nzn_hepliaklqana_mist_gate, kennysheep_mini,
          serial_shops, nicolae_shop_crystal, uniq_menkaure, uniq_blork_the_orc
D:6:      layout_cave_pools, nicolae_overflow_hidden_temple,
          minmay_temple_entry_glassed_door
D:7:      layout_loops_cross, overflow_temple_1_default,
          kiku_gazebo_garden_becter
D:8:      layout_gridville
D:9:      layout_long_grid, chequers_serial_rivers_micro_d
D:10:     layout_gridville, kennysheep_orc_monster_closet_entryway,
          serial_shops, shop_statue, grunt_ogre_cave
D:11:     layout_basic, due_lair_maze_entry_diamond, serial_shops, shop,
          bloody_makhleb
D:12:     cheibrodos_statue_roulette, layout_cave_pods, minmay_parallelograms,
          st_stairs_12, uniq_sonja, uniq_jorgrun, uniq_erolcha, uniq_maurice
Orc:1:    layout_diamond_mine, basic_altar

Skill      XL: |  1  2  3  4  5  6  7  8  9 10 11 |
---------------+----------------------------------+-----
Dodging        | 2 3 4 5 6 |  6.9
Fighting       | 4 5 6 7 8 |  8.7
Stealth        | 5 6 7 8 |  8.4
Long Blades    | 3 4 5 6 |  6.8
Throwing       | 1 2 |  2.0
Spellcasting   | 2 4 6 7 8 |  8.5
Short Blades   | 3 5 |  5.9
Hexes          | 2 5 7 |  7.4

Action                   |  1- 3 |  4- 6 |  7- 9 | 10-12 || total
-------------------------+-------+-------+-------+-------++-------
Melee: Falchion          |    52 |       |       |       ||    52
       Tailslap          |    16 |    17 |    65 |    79 ||   177
       Hand axe          |    37 |    16 |       |       ||    53
       Scimitar          |       |    82 |   320 |    34 ||   436
       Dagger            |       |       |    67 |   500 ||   567
 Cast: Ensorcelled Hiber |       |       |    12 |   101 ||   113
       Tukima's Dance    |       |       |       |     6 ||     6
       Confusing Touch   |       |       |       |    10 ||    10
       Dazzling Flash    |       |       |       |     2 ||     2
Invok: Shadow Step       |       |       |       |     1 ||     1
 Abil: Breathe Dispellin |       |       |     4 |     5 ||     9
Evoke: Wand              |       |     1 |       |       ||     1
  Use: Scroll            |       |       |    25 |     2 ||    27
       Potion            |       |       |     2 |     3 ||     5
 Stab: Sleeping          |     5 |     5 |    14 |    53 ||    77
       Confused          |       |       |       |    11 ||    11
       Invisible         |       |       |       |     3 ||     3
Armor: Skin              |    20 |    35 |   177 |   169 ||   401
Dodge: Dodged            |    50 |    91 |   428 |   507 ||  1076
       Rpst.: Falchion   |    11 |       |       |       ||    11
       Scimitar          |       |    22 |    69 |    17 ||   108

Table legend: (Time is in decaauts)
 A = Elapsed time spent in this place.
 B = Non-inter-level travel time spent in this place.
 C = Inter-level travel time spent in this place.
 D = Time resting spent in this place.
 E = Time spent auto-exploring this place.
 F = Levels seen in this place.
 G = Mean time per level.
                   A        B        C        D        E       F      G
               +--------+--------+--------+--------+--------+-----+--------+
         Total |  14583 |  13890 |    693 |   4377 |   6581 |  13 | 1121.8 |
       Dungeon |  14582 |  13889 |    693 |   4377 |   6581 |  12 | 1215.2 |
  Orcish Mines |      1 |      1 |      0 |      0 |      0 |   1 |    1.0 |
               +--------+--------+--------+--------+--------+-----+--------+

Top non-repeatable levels by time:
     D:2: 1943 daAuts
     D:4: 1740 daAuts
     D:5: 1687 daAuts
     D:9: 1602 daAuts
    D:10: 1418 daAuts
     D:6: 1333 daAuts
    D:11: 1294 daAuts
     D:7: 1159 daAuts
     D:8: 922 daAuts
     D:1: 687 daAuts
     D:3: 576 daAuts
    D:12: 216 daAuts
   Orc:1: 1 daAuts
